 Dungeon Crawl Stone Soup version 0.30-a0-377-g5cb311bc9f (webtiles) character file.

Game seed: 16750351487219674579

56 Uniporpoise the Digger (level 3, 0/20 HPs)
             Began as a Gargoyle Earth Elementalist on Dec 1, 2022.
             Killed from afar by Ijyb (10 damage)
             ... with a puff of flame
             ... on level 3 of the Dungeon.
             The game lasted 00:03:43 (2526 turns).

Uniporpoise the Digger (GrEE)                       Turns: 2526, Time: 00:03:43

Health: 0/20       AC:  7    Str: 11    XL:     3   Next: 97%
Magic:  5/6        EV: 12    Int: 17    God:
Gold:   101        SH:  0    Dex: 10    Spells: 3/7 levels left

rFire   . . .      SeeInvis .    h - staff of death
rCold   . . .      Faith    .    (no shield)
rNeg    + + .      Spirit   .    a - +0 robe
rPois   ∞          Reflect  .    o - +1 helmet
rElec   +          Harm     .    (no cloak)
rCorr   .          Rampage  .    (no gloves)
Will    .....                    (no boots)
Stlth   ++........               (no amulet)
HPRegen 0.23/turn                (no ring)
MPRegen 0.10/turn                (no ring)

@: no status effects
A: sickness immunity, AC +3, negative energy resistance 1, electricity
resistance, torment resistance 1, petrification resistance
a: no special abilities


You were on level 3 of the Dungeon.
You visited 1 branch of the dungeon, and saw 3 of its levels.

You collected 101 gold pieces.

Inventory:

Armour
 a - a +0 robe (worn)
 o - a +1 helmet (worn)
Magical Staves
 h - a staff of death (weapon)
Scrolls
 c - 3 scrolls of enchant weapon {unknown}
 d - 4 scrolls of identify {unknown}
 f - 2 scrolls of teleportation {unknown}
 i - a scroll of butterflies {unknown}
 k - a scroll of magic mapping {unknown}
 n - a scroll of amnesia {unknown}
 p - 3 scrolls of enchant armour {unknown}
 q - a scroll of immolation {unknown}
 r - a scroll of fear {unknown}
 s - a scroll of poison {unknown}
Potions
 b - a potion of magic
 e - 2 potions of heal wounds {unknown}
 g - 2 potions of mutation {unknown}
 j - 2 potions of haste {unknown}
 l - a potion of curing {unknown}
 m - a potion of berserk rage {unknown}
 t - a potion of resistance {unknown}


   Skills:
 + Level 1.1 Fighting
 + Level 1.9 Dodging
 + Level 2.5 Stealth
 + Level 2.5 Spellcasting
 * Level 0.5 Conjurations
 - Level 1.0 Transmutations
 * Level 4.3 Earth Magic


You had 3 spell levels left.
You knew the following spells:

 Your Spells              Type           Power      Damage    Failure   Level
a - Sandblast             Erth           32%        2d9       3%          1
b - Stone Arrow           Conj/Erth      20%        3d8       21%         3

Your spell library contained the following spells:

 Spells                   Type           Power      Damage    Failure   Level
 Passwall                 Tmut/Erth      9%         N/A       10%         2
 Sting                    Tmut/Pois      12%        1d3       16%         1
 Petrify                  Tmut/Erth      11%        N/A       52%         4


Dungeon Overview and Level Annotations

Branches:
Dungeon (3/15)

Altars:
Xom

Annotations:
D:3 Ijyb


Innate Abilities, Weirdness & Mutations

You are immune to sickness and miasma.
Your stone body is resilient. (AC +3)
You are immune to poison.
You resist negative energy. (rN+)
You are resistant to electric shocks. (rElec)
You are resistant to unholy torment.
You are immune to petrification.


Message History

Okay, then.
You climb downwards.
There is a stone staircase leading up here.
A rat comes into view.
A rat is nearby!
A rat is nearby!
The blast of sand hits the rat!
You kill the rat!
You can't see any susceptible monsters within range! (Use Z to cast anyway.) Magic restored.
You now have 101 gold pieces (gained 12).
t - a smoky amethyst potion An endoplasm comes into view.
The blast of sand hits the endoplasm!
You kill the endoplasm!
You can't see any susceptible monsters within range! (Use Z to cast anyway.)
Casting: Sandblast (safe; 3% risk of failure)
Confirm with . or Enter, or press ? or * to list all spells.
Okay, then.
Ijyb the Twisted Goblin comes into view.
She is wielding a +0 dagger and carrying a wand of flame (15).
Ijyb zaps a wand.
The puff of flame misses you.
Ijyb is nearby!
Ijyb is nearby!
You can't see any susceptible monsters within range! (Use Z to cast anyway.)
You can't see any susceptible monsters within range! (Use Z to cast anyway.)
Found a small brass ring.
Ijyb zaps a wand.
The puff of flame hits you!
Ouch! That really hurt!
You are too injured to fight recklessly!
You are too injured to fight recklessly!
You are too injured to fight recklessly!
Casting: Sandblast (safe; 3% risk of failure)
Confirm with . or Enter, or press ? or * to list all spells.
Aiming: Sandblast (safe; 3% risk of failure)
Press: ? - help, Shift-Dir - straight line, f - Ijyb
Aim: Ijyb, wielding a +0 dagger, wearing a +0 scale mail and carrying a wand of flame (13) (80% to hit)
The blast of sand hits Ijyb but does no damage.
Okay, then.
Ijyb zaps a wand.
The puff of flame hits you!
Ouch! That really hurt!
You die...

# .. ... ....
....= ######
....g.##### #....#
........@.# #.##.#
.....####.###.##.#
... #.....##.# .
#.######.# ###
######...# ...
..#.####.##
#.#.......#
###.###..####.#
#.............#


You could see Ijyb.

Vanquished Creatures
  An adder (D:2)
  A dart slug (D:1)
  6 ball pythons
  A bat (D:1)
  5 endoplasms
  2 giant cockroaches
  3 goblins
  4 hobgoblins
  7 jackals (D:2)
  A quokka (D:1)
  2 frilled lizards
  2 kobolds
  4 rats
39 creatures vanquished.

Notes
Turn   | Place    | Note
-------+----------+-------------------------------------------
     0 | D:1      | Uniporpoise the Gargoyle Earth Elementalist began the quest
                  | for the Orb.
     0 | D:1      | Reached XP level 1. HP: 10/10 MP: 3/3
   341 | D:1      | Reached XP level 2. HP: 16/16 MP: 3/5
   471 | D:1      | You fall into a shaft and drop 1 floor!
   534 | D:2      | Reached skill level 1 in Transmutations
   661 | D:2      | Reached skill level 4 in Earth Magic
   798 | D:2      | Found a shimmering altar of Xom.
  1347 | D:1      | Reached XP level 3. HP: 9/20 MP: 1/6
  1396 | D:1      | Learned a level 3 spell: Stone Arrow
  1677 | D:1      | Found a faded altar of an unknown god.
  1686 | D:1      | Got Plato's Book of the Exiled Artisans
  2037 | D:2      | Reached skill level 1 in Fighting
  2522 | D:3      | Noticed Ijyb
  2526 | D:3      | Killed from afar by Ijyb

Illustrated notes

Levels and vault maps discovered:
D:1:      lemuel_arrival_funnel, layout_basic,
          shapermc_ecumenical_altar_rom_forum
D:2:      layout_basic, basic_altar
D:3:      layout_basic, nicolae_uskayaw_suspiria, uniq_ijyb, uniq_natasha

Skill      XL: |  1  2  3 |
---------------+----------+-----
Transmutations | 1 |  1.0
Earth Magic    | 4 |  4.3
Fighting       | 1 |  1.1
Dodging        | |  1.9
Stealth        | |  2.5
Spellcasting   | |  2.5
Conjurations   | |  0.5

Action                   || total
-------------------------++-------
Melee: Staff             ||    10
 Cast: Sandblast         ||    63
Armor: Robe              ||    16
Dodge: Dodged            ||    37

Table legend: (Time is in decaauts)
 A = Elapsed time spent in this place.
 B = Non-inter-level travel time spent in this place.
 C = Inter-level travel time spent in this place.
 D = Time resting spent in this place.
 E = Time spent auto-exploring this place.
 F = Levels seen in this place.
 G = Mean time per level.
                   A        B        C        D        E       F      G
               +--------+--------+--------+--------+--------+-----+--------+
         Total |   2559 |   2494 |     65 |     42 |   2093 |   3 |  853.0 |
       Dungeon |   2559 |   2494 |     65 |     42 |   2093 |   3 |  853.0 |
               +--------+--------+--------+--------+--------+-----+--------+

Top non-repeatable levels by time:
     D:2: 1268 daAuts
     D:1: 1221 daAuts
     D:3: 70 daAuts
